 Dungeon Crawl Stone Soup version 0.26-b1-32-g5d43845318 (webtiles) character file.

Game seed: 9082098325255856338

148 Borgoz the Cudgeller (level 5, -4/32 HPs)
             Began as a Gargoyle Gladiator on Jan 10, 2021.
             Slain by a gnoll
             ... wielding a +0 spear
              (5 damage)
             ... on level 2 of the Dungeon.
             The game lasted 00:01:36 (1621 turns).

Borgoz the Cudgeller (Gargoyle Gladiator)           Turns: 1621, Time: 00:01:37

Health: -4/32      AC:  8    Str: 16 (18) XL:     5   Next: 30%
Magic:  5/5        EV: 12    Int:  6 (8)  God:
Gold:   44         SH:  0    Dex:  9 (12) Spells: 4/4 levels left

rFire    . . .     SeeInvis .   a - +0 flail
rCold    . . .     Faith    .   (no shield)
rNeg     + . .     Spirit   .   b - +0 leather armour
rPois    ∞         Reflect  .   c - +0 helmet
rElec    +         Harm     .   f - scarf {repulsion}
rCorr    .         Rampage  .   (no gloves)
Will     .....                  (no boots)
Stlth    +.........             (no amulet)
HPRegen  0.10/turn              (no ring)
MPRegen  0.09/turn              (no ring)

@: repel missiles
A: negative energy resistance 1, electricity resistance, unbreathing,
petrification resistance, miasma immunity, AC +4
a: no special abilities


You were on level 2 of the Dungeon.
You visited 1 branch of the dungeon, and saw 2 of its levels.

You collected 44 gold pieces.

Inventory:

Hand Weapons
 a - a +0 flail (weapon)
Missiles
 d - 2 throwing nets (quivered)
Armour
 b - a +0 leather armour (worn)
 c - a +0 helmet (worn)
 f - a scarf of repulsion (worn)
Jewellery
 e - an uncursed ring of protection from fire {unknown}
 i - an uncursed ring of protection from cold {unknown}
Scrolls
 h - 3 scrolls of identify {unknown}
 j - 2 scrolls of remove curse {unknown}
 k - a scroll of teleportation {unknown}
 l - a scroll of fog {unknown}
 m - a scroll of immolation {unknown}
 p - a scroll of magic mapping {unknown}
Potions
 n - a potion of brilliance {unknown}
 o - a potion of curing {unknown}


   Skills:
 + Level 3.2 Fighting
 * Level 4.3 Maces & Flails
 - Level 1.7 Throwing
 * Level 3.5 Dodging


You had 4 spell levels left.
You didn't know any spells.
Your spell library was empty.

Dungeon Overview and Level Annotations

Branches:
Dungeon (2/15)

Altars:
Fedhas
The Shining One


Innate Abilities, Weirdness & Mutations

You are resistant to torment.
Your stone body is resilient. (AC +4)
You are immune to poison.
You resist negative energy. (rN+)
You are resistant to electric shocks. (rElec)
You can survive without breathing.
You are immune to petrification.
You are immune to miasma.


Message History

The gnoll closely misses you.
Okay, then.
Throw: 3 throwing nets
Press: ? - help, Q - select action Shift-Dir - straight line, f - gnoll
Aim: a gnoll, wielding a +0 club (heavily wounded)
You throw a throwing net. The throwing net hits the gnoll.
The gnoll is caught in the net!
The gnoll is heavily wounded.
The gnoll closely misses you.
You hit the gnoll.
The gnoll is almost dead.
The gnoll struggles against the net.
The gnoll hits you from afar with a +0 spear.
* * * LOW HITPOINT WARNING * * *
The gnoll struggles against the net.
It was a potion of degeneration.
There was something very wrong with that liquid.
You feel weakened.
You feel dopey.
You feel clumsy.
The gnoll hits you from afar with a +0 spear.
You die...

##.....##.....##
##..............#
#................ #
#................ #.
#................ #..
#........<....... #...
#................
#....##................
#....g@...............#
#...g###.......#.....##
..... #...###)#######
##.. #.### #(# #. ..#
##.# # .# #.(# .# #.##
##### #.# #...# ### #.#


You could see 2 gnolls.

Vanquished Creatures
  Natasha (thrice) (D:2)
  3 adders (D:2)
  2 gnolls (D:2)
  2 dart slugs (D:1)
  A ball python (D:1)
  3 giant cockroaches
  4 hobgoblins
  2 jackals (D:1)
  2 bats (D:1)
  10 frilled lizards
  2 goblins
  3 kobolds
  5 rats
42 creatures vanquished.

Vanquished Creatures (others)
  A plant (D:2)
1 creature vanquished.

Grand Total: 43 creatures vanquished

Notes
Turn   | Place    | Note
-------+----------+-------------------------------------------
     0 | D:1      | Borgoz the Gargoyle Gladiator began the quest for the Orb.
     0 | D:1      | Reached XP level 1. HP: 12/12 MP: 1/1
   195 | D:1      | Reached XP level 2. HP: 16/18 MP: 2/2
   675 | D:1      | Reached XP level 3. HP: 20/22 MP: 3/3
   872 | D:2      | Found a glowing golden altar of the Shining One.
   950 | D:2      | Noticed Natasha
   963 | D:2      | Killed Natasha
  1234 | D:2      | Found a blossoming altar of Fedhas.
  1269 | D:2      | Noticed Natasha
  1274 | D:2      | Killed Natasha
  1275 | D:2      | Reached skill level 4 in Maces & Flails
  1275 | D:2      | Reached XP level 4. HP: 27/27 MP: 4/4
  1333 | D:2      | Noticed Natasha
  1354 | D:2      | Killed Natasha
  1364 | D:2      | Reached XP level 5. HP: 11/32 MP: 5/5
  1620 | D:2      | HP: 1/32 [gnoll/+0 spear (6)]
  1621 | D:2      | Slain by a gnoll

Illustrated notes

Levels and vault maps discovered:
D:1:      dpeg_arrival_tiny_a, layout_loops_ring, minmay_lizard_pond
D:2:      layout_rooms, overflow_temple_1_default, overflow_temple_1_default,
          serial_bayou_pond_d, uniq_natasha

Skill      XL: |  1  2  3  4 |
---------------+-------------+-----
Dodging        | 3 |  3.5
Maces & Flails | 4 |  4.3
Fighting       | 3 |  3.2
Throwing       | |  1.7

Action                   |  1- 3 |  4- 6 || total
-------------------------+-------+-------++-------
Melee: Flail             |   114 |    53 ||   167
Throw: Throwing net      |     1 |     1 ||     2
  Use: Potion            |       |     1 ||     1
 Stab: Sleeping          |     1 |       ||     1
Armor: Leather armour    |    68 |    25 ||    93
Dodge: Dodged            |    95 |    46 ||   141
